 Dungeon Crawl Stone Soup version 0.31-a0-920-g28cbb04a8c (webtiles) character file.

Game seed: 16546359552679941872

2672 Error4North the Mimic (level 9, -8/85 HPs)
             Began as a Red Draconian Shapeshifter on Oct 17, 2023.
             Mangled by Duvessa
             ... wielding a +0 short sword
              (12 damage)
             ... on level 6 of the Dungeon.
             The game lasted 00:15:38 (3875 turns).

Error4North the Mimic (Red Draconian Shapeshifter)  Turns: 3875, Time: 00:15:39

Health: -8/85      AC:  7    Str: 19 (21) XL:     9   Next: 37%
Magic:  17/17      EV: 12    Int:  8 (10) God:
Gold:   292        SH:  0    Dex:  5 (11) Spells: 19/19 levels left

rFire   + +          .
                       - Unarmed
rCold   + . .        (no shield)
rNeg    . . .        (body armour unavailable)
rPois   +            (helmet currently unavailable)
rElec   +            (cloak currently unavailable)
rCorr   +            (gloves currently unavailable)
SInv    .            (boots currently unavailable)
Will    .....        (no amulet)
Stlth   +            (no ring)
HPRegen 0.34/turn    (no ring)
MPRegen 0.15/turn

%: no passive effects
@: lit by a corona, beast-form, resistant, glowing
A: beast (slay +4), breathe fire, AC +7, unfitting armour, fire resistance 1,
cold-blooded
a: Breathe Fire, Begin Untransformation


You were on level 6 of the Dungeon.
You were a hulking beast.
You visited 1 branch of the dungeon, and saw 6 of its levels.

You collected 292 gold pieces.

Inventory:

Hand Weapons
 i - a +0 dagger of flaming
Missiles
 f - 16 poisoned darts
 o - 2 boomerangs (quivered)
 p - 3 javelins
Jewellery
 j - an amulet of guardian spirit
Talismans
 b - a beast talisman (active)
 c - a flux talisman
Scrolls
 g - a scroll of amnesia
 h - 2 scrolls of immolation {unknown}
 m - a scroll of revelation {unknown}
 n - 2 scrolls of enchant weapon {unknown}
 q - 5 scrolls of identify {unknown}
 r - a scroll of teleportation {unknown}
 s - 4 scrolls of fear {unknown}
 t - a scroll of blinking {unknown}
Potions
 a - 3 potions of lignification
 e - a potion of attraction {unknown}
 k - a potion of cancellation {unknown}


   Skills:
 * Level 10.1 Fighting
 + Level 0.4 Throwing
 + Level 3.8 Dodging
 + Level 0.9 Stealth
 + Level 5.4 Unarmed Combat
 + Level 5.5 Spellcasting
 * Level 11.2 Shapeshifting


You had 19 spell levels left.
You didn't know any spells.
Your spell library contained the following spells:

 Spells                   Type           Power      Damage    Failure   Level
 Blink                    Tloc           4%         N/A       36%         2
 Lesser Beckoning         Tloc           4%         N/A       36%         2
 Momentum Strike          Conj/Tloc      4%         3d8       36%         2
 Call Canine Familiar     Summ           2%         N/A       58%         3
 Sigil of Binding         Hex            2%         N/A       58%         3
 Stone Arrow              Conj/Erth      4%         3d7       58%         3
 Summon Guardian Golem    Hex/Summ       2%         N/A       58%         3
 Dimensional Bullseye     Hex/Tloc       1%         N/A       94%         4
 Leda's Liquefaction      Hex/Erth       1%         N/A       94%         4
 Orb of Destruction       Conj           1%         9d5       100%        7
 Spellforged Servitor     Conj/Summ      1%         N/A       100%        7
 Lehudib's Crystal Spear  Conj/Erth      1%         10d2      100%        8
 Animate Armour           Summ/Erth      Unusable   N/A       N/A         4

Dungeon Overview and Level Annotations

Branches:
Dungeon (6/15)
 Temple: D:4-7

Altars:
Sif Muna

Shops:
D:6 (:(

Annotations:
D:6 Duvessa


Innate Abilities, Weirdness & Mutations

You are a hulking beast.
Your limbs bulge with bestial killing power. (Slay +4)
You can breathe blasts of fire.
Your fiery red scales are hard. (AC +7)
You cannot fit into any form of body armour.
Your flesh is heat resistant. (rF+)
You are cold-blooded and may be slowed by cold attacks.


Message History

You punch Dowan!
Dowan is almost dead.
A shadow imp comes into view.
Dowan hits you with a +0 dagger.
The shadow imp shouts!
You hit Dowan.
You kill Dowan!
Duvessa screams, "No!
How DARE you!"
Duvessa goes berserk!
Throw: 3 boomerangs
Press: ? - help, Q - select action, (/) - cycle Shift-Dir - straight line, f - Duvessa
Aim: Duvessa, wielding a +0 short sword and wearing a +0 chain mail (berserk, 71% to hit)
You throw a boomerang.
The boomerang hits Duvessa and shatters for extra damage.
Duvessa is lightly wounded.
Duvessa hits you with a +0 short sword.
You punch Duvessa!
Your tail-slap misses Duvessa.
Duvessa is moderately wounded.
Duvessa hits you with a +0 short sword! Duvessa hits you with a +0 short sword.
You hit Duvessa.
Duvessa is moderately wounded.
Duvessa hits you with a +0 short sword.
You hit Duvessa. You tail-slap Duvessa.
Duvessa is moderately wounded.
Duvessa hits you with a +0 short sword!
You hit Duvessa but do no damage.
Duvessa is moderately wounded.
Duvessa closely misses you. Duvessa hits you with a +0 short sword!
Duvessa rages.
Duvessa closely misses you.
The shadow imp sputters.
Duvessa hits you with a +0 short sword!
* * * LOW HITPOINT WARNING * * *
Found a stone staircase leading down.
Duvessa attacks as she pursues you! Duvessa hits you with a +0 short sword!
* * * LOW HITPOINT WARNING * * *
It was a potion of resistance.
You feel protected. Duvessa hits you with a +0 short sword!
You die...

.## ##......... .. .#..>..
###..<.?..5[. (.####...#.#.
#............ #....##....#.##
#............
#..#.###......####............
##..#..###...#.##...)..........
#..§...#..........##.........♣#
#...............5.............#
#..§..##......he#..........♣.∩#
#.................##.......#
#..........##..#.## ###...... #
###....<.#........# .####..#
#####.......[.......# # #..
...........##..(....# #g.
.####.................. .....
#.......#........## ####..
(.........#......#.# ##.


You could see Duvessa (berserk) and a shadow imp.

Vanquished Creatures
  Pikel (D:5)
  A kobold brigand (D:4)
  Blork the orc (D:5)
  A scorpion (D:5)
  Dowan (D:6)
  A howler monkey (D:4)
  3 hounds
  3 quasits (D:4)
  2 orc priests (D:5)
  A sleepcap (D:6)
  3 iguanas (D:5)
  4 orc wizards
  A hound skeleton (D:2)
  5 gnolls
  7 adders
  4 shadow imps
  A white imp (D:4)
  2 adder skeletons (D:2)
  A worm (D:5)
  A dart slug (D:4)
  8 orcs
  A bat zombie (D:2)
  5 endoplasms
  2 giant cockroaches (D:2)
  5 hobgoblins
  4 jackals (D:2)
  2 kobolds (D:2)
  3 quokkas
  4 ball pythons
  A ball python skeleton (D:2)
  A ball python zombie (D:2)
  2 bats
  3 frilled lizards
  11 goblins
  A jackal zombie (D:2)
  A quokka skeleton (D:2)
98 creatures vanquished.

Notes
Turn   | Place    | Note
-------+----------+-------------------------------------------
     0 | D:1      | Error4North the Draconian Shapeshifter began the quest for
                  | the Orb.
     0 | D:1      | Reached XP level 1. HP: 16/16 MP: 1/1
   310 | D:1      | Found a faded altar of an unknown god.
   608 | D:2      | Reached XP level 2. HP: 23/23 MP: 2/2
   679 | D:2      | Reached XP level 3. HP: 11/28 MP: 3/3
  1045 | D:2      | Reached XP level 4. HP: 36/36 MP: 4/4
  1641 | D:3      | Found a shimmering blue altar of Sif Muna.
  1822 | D:3      | Reached XP level 5. HP: 40/41 MP: 5/5
  2046 | D:4      | Reached skill level 4 in Shapeshifting
  2268 | D:4      | Reached XP level 6. HP: 44/50 MP: 6/6
  2457 | D:4      | Reached skill level 10 in Fighting
  2457 | D:4      | Reached skill level 5 in Spellcasting
  2457 | D:4      | Reached skill level 7 in Shapeshifting
  2457 | D:4      | Your scales start taking on a fiery red colour.
  2457 | D:4      | Reached XP level 7. HP: 38/72 MP: 6/15
  2457 | D:4      | Gained mutation: Your flesh is heat resistant. (rF+) [Red
                  | Draconian growth]
  2815 | D:5      | Entered Level 5 of the Dungeon
  2971 | D:5      | Reached skill level 11 in Shapeshifting
  2971 | D:5      | Reached XP level 8. HP: 77/79 MP: 16/16
  3055 | D:5      | Reached skill level 5 in Unarmed Combat
  3382 | D:5      | Reached XP level 9. HP: 80/85 MP: 17/17
  3443 | D:5      | Noticed Blork the orc
  3453 | D:5      | Killed Blork the orc
  3539 | D:5      | Identified the +6 war axe of the Nexus {speed, Int+4 Dex+6
                  | Stlth-}
  3678 | D:6      | Noticed Duvessa
  3678 | D:6      | Noticed Dowan
  3678 | D:6      | Found Peivutzouh's Book Emporium.
  3720 | D:6      | Found Uluttod's Weapon Boutique.
  3786 | D:6      | Noticed Pikel
  3786 | D:6      | Found Kaobudun's Weapon Shoppe.
  3808 | D:5      | Killed Pikel
  3864 | D:6      | Killed Dowan
  3874 | D:6      | HP: 4/85 [Duvessa/+0 short sword (13)]
  3875 | D:6      | Mangled by Duvessa

Illustrated notes

Levels and vault maps discovered:
D:1:      minmay_arrival_stone_box, layout_loops_ring,
          chequers_ecumenical_altar_simple
D:2:      layout_basic, serial_undead, serial_undead_f, serial_undead_f,
          serial_undead_b, serial_undead_a, grunt_decor_mini_mirrors,
          interstate_on_off, minivault_23
D:3:      layout_rooms, nicolae_sif_muna_condensation
D:4:      layout_loops_cross, serial_demonic, serial_demonic_e,
          serial_demonic_f, serial_demonic_b, serial_demonic_d,
          nicolae_nh_ransacked_shop
D:5:      layout_basic, kennysheep_generic_room_13, uniq_blork_the_orc
D:6:      layout_rooms, minmay_temple_entry_statues_fountains, serial_shops,
          nicolae_shop_pleasant_corner_grove, nicolae_shop_getting_attention,
          shop, nicolae_shop_rolling_square, nicolae_shop_bloodbath_and_beyond,
          uniq_pikel, uniq_duvessa

Skill      XL: |  1  2  3  4  5  6  7  8 |
---------------+-------------------------+-----
Dodging        | 2 3 |  3.8
Fighting       | 2 10 | 10.1
Unarmed Combat | 4 5 |  5.4
Shapeshifting  | 4 7 11 | 11.2
Spellcasting   | 5 |  5.5
Throwing       | |  0.4
Stealth        | |  0.9

Action                     |  1- 3 |  4- 6 |  7- 9 || total
---------------------------+-------+-------+-------++-------
  Melee: Unarmed           |    75 |   178 |   117 ||   370
         Tailslap          |    10 |    19 |    16 ||    45
         Punch             |       |     3 |     4 ||     7
  Throw: Boomerang         |       |       |    20 ||    20
    Use: Potion            |       |     3 |     5 ||     8
         Scroll            |       |       |     3 ||     3
   Stab: Sleeping          |       |     1 |       ||     1
 Armour: Skin              |    34 |   126 |    70 ||   230
  Dodge: Dodged            |    38 |   167 |    44 ||   249
         Form:             |     1 |       |       ||     1
         Beast             |     1 |       |       ||     1

Table legend: (Time is in decaauts)
 A = Elapsed time spent in this place.
 B = Non-inter-level travel time spent in this place.
 C = Inter-level travel time spent in this place.
 D = Time resting spent in this place.
 E = Time spent auto-exploring this place.
 F = Levels seen in this place.
 G = Mean time per level.
                   A        B        C        D        E       F      G
               +--------+--------+--------+--------+--------+-----+--------+
         Total |   3841 |   3766 |     75 |    372 |   2357 |   6 |  640.2 |
       Dungeon |   3841 |   3766 |     75 |    372 |   2357 |   6 |  640.2 |
               +--------+--------+--------+--------+--------+-----+--------+

Top non-repeatable levels by time:
     D:2: 1035 daAuts
     D:5: 975 daAuts
     D:4: 787 daAuts
     D:1: 587 daAuts
     D:3: 388 daAuts
     D:6: 66 daAuts
